 Dungeon Sprint DCSS version 0.30-a0-622-gddc90eaa04 (webtiles) character file.

Game seed: 11707376278904386772

15 NinjaNoafa the Insei (level 2, 0/28 HPs)
             Began as an Octopode Transmuter on Jan 10, 2023.
             Was a Follower of Sif Muna.
             Slain by a jackal (2 damage)
             ... in the Dungeon (Sprint VII: "The Pits").
             The game lasted 00:00:55 (117 turns).

NinjaNoafa the Insei (Octopode Transmuter)           Turns: 117, Time: 00:00:56

Health: 0/28       AC:  1    Str:  9    XL:     2   Next: 50%
Magic:  2/5        EV: 13    Int: 15    God:    Sif Muna [*.....]
Gold:   0          SH:  0    Dex: 12    Spells: 3/6 levels left

rFire   . . .      SeeInvis .      - Unarmed
rCold   . . .      Faith    .    (no shield)
rNeg    . . .      Spirit   .    (helmet currently unavailable)
rPois   .          Reflect  .    (no amulet)
rElec   .          Harm     .    (no ring)
rCorr   .          Rampage  .    (no ring)
Will    .....      NoTele   +    (no ring) Stlth
                                 (no ring)
HPRegen 0.24/turn                (no ring)
MPRegen 0.09/turn                (no ring)
                                 (no ring)
                                 (no ring)

@: berserking, appendages (expiring), wereblooded, very quick
A: tentacle spike 3, almost no armour, amphibious, 8 rings, camouflage 1,
gelatinous body 1, (nimble swimmer 1), tentacles
a: End Transformation, Renounce Religion, Channel Magic


You were in the Dungeon.
You worshipped Sif Muna.
Sif Muna was aware of your devotion.
One of your tentacles had grown a beastly spike.
You visited 1 branch

Inventory:

Scrolls
 g - a scroll of blinking
 i - 5 scrolls of amnesia
 j - a scroll of butterflies
 k - 2 scrolls of vulnerability
Potions
 a - a potion of lignification
 b - a potion of curing
 d - a potion of haste
 e - 4 potions of magic
 f - 2 potions of berserk rage
 h - 2 potions of invisibility


   Skills:
 + Level 1.9 Fighting
 + Level 2.6 Dodging
 + Level 2.2 Stealth
 + Level 3.5 Unarmed Combat
 + Level 2.5 Spellcasting
 * Level 2.7 Transmutations
 + Level 1.5 Invocations


You had 3 spell levels left.
You knew the following spells:

 Your Spells              Type           Power      Damage    Failure   Level
a - Beastly Appendage     Tmut           20%        N/A       7%          1
b - Wereblood             Tmut           10%        N/A       11%         2

Your spell library contained the following spells:

 Spells                   Type           Power      Damage    Failure   Level
 Spider Form              Tmut/Pois      5%         N/A       36%         3
 Ice Form                 Ice/Tmut       5%         N/A       77%         4


Dungeon Overview and Level Annotations

Branches:
Dungeon (1/1)

Altars:
Ashenzari
Cheibriados
Dithmenos
Elyvilon
Fedhas
Gozag
Hepliaklqana
Kikubaaqudgha
Makhleb
Nemelex Xobeh
Okawaru
Qazlal
Ru
Sif Muna
Trog
Uskayaw
Vehumet
Wu Jian
Xom
Yredelemnul
Zin
The Shining One
Jiyva
Lugonu


Innate Abilities, Weirdness & Mutations

One of your tentacles has grown a beastly spike.
You cannot wear most types of armour.
You are amphibious.
You can wear up to eight rings at the same time.
Your skin changes colour to match your surroundings (Stealth+).
Your rubbery body absorbs attacks. (AC +1, EV +1)
((You are camouflaged when in or above water. (Stealth+)))
You have tentacles for arms and can constrict up to eight enemies at once.


Message History

Confirm with . or Enter, or press ? or * to list all spells.
Your blood is freshly infused with primal strength!
A quokka, a jackal and a phantom come into view.
Your transformation is almost over.
There is a large open door here.
The helpless jackal fails to defend itself.
You tentacle-slap the jackal.
You kill the jackal!
Sif Muna accepts your kill.
The jackal barks! x3
The quokka bites you. The jackal barely misses you. The quokka bites you.
You miss the quokka. You grab the quokka.
You constrict the quokka, but do no damage.
The jackal barely misses you. x2; The jackal closely misses you.
The quokka bites you.
A red film seems to cover your vision as you go berserk!
You feel yourself moving faster!
You feel mighty!
You constrict the quokka. The jackal bites you. The jackal barely misses you.
The phantom closely misses you. The quokka bites you. The jackal bites you. x2
You tentacle-slap the phantom.
You pierce the phantom!
The phantom is heavily damaged.
You constrict the quokka. The jackal barely misses you.
The phantom closely misses you. The quokka closely misses you.
The jackal barely misses you. The jackal bites you.
The jackal barely misses you.
You tentacle-slap the phantom.
The phantom is severely damaged.
You constrict the quokka. The jackal bites you.
You barely miss the phantom.
The phantom is severely damaged.
You constrict the quokka, but do no damage.
The jackal bites you.
* * * LOW HITPOINT WARNING * * *
The jackal closely misses you. The jackal barely misses you.
The quokka bites you.
* * * LOW HITPOINT WARNING * * *
The phantom hits you.
* * * LOW HITPOINT WARNING * * *
The jackal bites you.
You die...

#_______...##########
##########'##........
#..(.')))'.##......#.
##########.##........
#.........).'........
#+#####)#####......#.
#..#...'.##........
#hr#...#.#####'####
#h@#####.##.......#
#hhW..)#.##.......#
#..'...'.##.......#
#..########...<...#
#..+ #.......# #..#
#.......# ####
#.......# #########


You could see a phantom, a quokka and 4 jackals.

Vanquished Creatures
  A gnoll (D)
  A goblin (D)
  A jackal (D)
  A kobold (D)
  A ball python (D)
  A ball python skeleton (D)
6 creatures vanquished.

Notes
Turn   | Place    | Note
-------+----------+-------------------------------------------
     0 | D        | NinjaNoafa the Octopode Transmuter began the quest for the
                  | Orb.
     0 | D        | Reached XP level 1. HP: 13/13 MP: 3/3
    39 | D        | Found a bloodstained altar of Trog.
    39 | D        | Found a shimmering blue altar of Sif Muna.
    39 | D        | Found a viscous altar of Jiyva.
    39 | D        | Found a hazy altar of Hepliaklqana.
    39 | D        | Found an opulent altar of Gozag.
    40 | D        | Found a glowing golden altar of the Shining One.
    40 | D        | Found a glowing silver altar of Zin.
    40 | D        | Found a basalt altar of Yredelemnul.
    40 | D        | Found a shimmering altar of Xom.
    40 | D        | Found an ornate altar of the Wu Jian Council.
    40 | D        | Found a sacrificial altar of Ru.
    40 | D        | Found a stormy altar of Qazlal.
    40 | D        | Found an iron altar of Okawaru.
    40 | D        | Found a sparkling altar of Nemelex Xobeh.
    40 | D        | Found a burning altar of Makhleb.
    40 | D        | Found a blossoming altar of Fedhas.
    40 | D        | Found a white marble altar of Elyvilon.
    40 | D        | Found a shadowy altar of Dithmenos.
    40 | D        | Found a snail-covered altar of Cheibriados.
    41 | D        | Found a radiant altar of Vehumet.
    41 | D        | Found a corrupted altar of Lugonu.
    42 | D        | Found a hide-covered altar of Uskayaw.
    42 | D        | Found an ancient bone altar of Kikubaaqudgha.
    42 | D        | Found a broken altar of Ashenzari.
    47 | D        | Became a worshipper of Sif Muna the Loreminder
    59 | D        | Reached skill level 1 in Stealth
    63 | D        | Reached skill level 1 in Invocations
    63 | D        | Reached XP level 2. HP: 19/19 MP: 3/5
    90 | D        | Learned a level 2 spell: Wereblood
    97 | D        | Reached * piety under Sif Muna
   110 | D        | Noticed a phantom
   117 | D        | Slain by a jackal

Illustrated notes

Levels and vault maps discovered:
D:        pitsprint [storerooms_1, entrance_room_1, metal_vault_4, armoury_2,
          mini_pit_1, grid_room_1, main_hall_1, silver_pit, the_coven_1,
          the_vestibule_1, steel_vault_1, golden_pit, hallway_of_sentries,
          crystal_vault_4, iron_vault_1, final_vault]

Skill      XL: |  1 |
---------------+----+-----
Stealth        | 2 |  2.2
Invocations    | 1 |  1.5
Fighting       | |  1.9
Dodging        | |  2.6
Unarmed Combat | |  3.5
Spellcasting   | |  2.5
Transmutations | |  2.7

Action                   || total
-------------------------++-------
Melee: Unarmed           ||    13
       Kick              ||     5
       Constrict         ||     5
       Tentacles         ||     1
 Cast: Beastly Appendage ||     4
       Wereblood         ||     2
  Use: Potion            ||     2
 Stab: Sleeping          ||     3
Dodge: Dodged            ||    17

Table legend: (Time is in decaauts)
 A = Elapsed time spent in this place.
 B = Non-inter-level travel time spent in this place.
 C = Inter-level travel time spent in this place.
 D = Time resting spent in this place.
 E = Time spent auto-exploring this place.
 F = Levels seen in this place.
 G = Mean time per level.
                   A        B        C        D        E       F      G
               +--------+--------+--------+--------+--------+-----+--------+
         Total |    115 |    108 |      7 |     17 |      9 |   1 |  115.0 |
       Dungeon |    115 |    108 |      7 |     17 |      9 |   1 |  115.0 |
               +--------+--------+--------+--------+--------+-----+--------+

Top non-repeatable levels by time:
       D: 115 daAuts
